 Dungeon Crawl Stone Soup version 0.29.1-2-gbd0b4ee654 (webtiles) character file.

Game seed: 7124713924653843537

81 croobank the Trooper (level 4, 0/58 HPs)
             Began as a Human Fighter on Nov 28, 2022.
             Succumbed to a kobold brigand's curare-tipped dart
             ... on level 3 of the Dungeon.
             The game lasted 00:03:14 (1862 turns).

croobank the Trooper (Human Fighter)                Turns: 1862, Time: 00:03:15

Health: 0/58       AC: 22    Str: 19    XL:     4   Next: 68%
Magic:  4/4        EV:  2    Int:  8    God:
Gold:   43         SH:  4    Dex: 12    Spells: 3/3 levels left

rFire   . . .      SeeInvis .   a - +0 war axe
rCold   . . .      Faith    .   c - +0 buckler
rNeg    . . .      Spirit   .   (body armour currently unavailable)
rPois   +          Reflect  .   (helmet currently unavailable)
rElec   .          Harm     .   (cloak currently unavailable)
rCorr   .          Rampage  .   (gloves currently unavailable)
Will    .....      NoTele   +   (boots currently unavailable)
Stlth   +.........              p - amulet of magic regeneration
HPRegen 0.19/turn               (no ring)
MPRegen 0.49/turn               (no ring)

@: lethally poisoned (0 -> -18), tree-form, slowed, invisible, very slow
A: stationary, stasis, torment immunity, boosted hp
a: no special abilities


You were on level 3 of the Dungeon.
You were a tree.
You visited 1 branch of the dungeon, and saw 3 of its levels.

You collected 67 gold pieces.
You spent 24 gold pieces at shops.

Inventory:

Hand Weapons
 a - a +0 war axe (weapon)
Armour
 b - a +0 scale mail
 c - a +0 buckler (worn)
 o - the +4 robe of Augmentation (melded) {Str+4 Int+4 Dex+4}
   (You found it on level 3 of the Dungeon)

   Str:       It affects your strength (+4).
   Int:       It affects your intelligence (+4).
   Dex:       It affects your dexterity (+4).
Jewellery
 p - an amulet of magic regeneration (around neck)
Scrolls
 f - a scroll of vulnerability {unknown}
 g - 2 scrolls of noise {unknown}
 h - a scroll of immolation {unknown}
 k - 2 scrolls of fear {unknown}
 l - a scroll of blinking {unknown}
 m - a scroll of enchant weapon {unknown}
 n - a scroll of teleportation {unknown}
Potions
 d - a potion of might
 i - a potion of lignification
 j - a potion of flight


   Skills:
 + Level 5.1 Fighting
 - Level 2.0 Axes
 - Level 3.0 Armour
 - Level 3.0 Shields


You had 3 spell levels left.
You didn't know any spells.
Your spell library was empty.

Dungeon Overview and Level Annotations

Branches:
Dungeon (3/15)

Altars:

Shops:
D:2 ?

Annotations:
D:3 Jessica


Message History

A kobold brigand comes into view.
It is wielding a +0 short sword and quivering curare-tipped darts.
The kobold brigand shouts!
A ball python comes into view.
The kobold brigand throws a curare-tipped dart.
The curare-tipped dart hits you.
You are poisoned.
You have difficulty breathing.
You feel yourself slow down.
Jessica and an iguana come into view.
Found an escape hatch in the floor.
You feel very sick.
Jessica shouts!
The ball python hisses angrily.
A frilled lizard comes into view.
Found a stone staircase leading up.
You feel sick.
The kobold brigand throws a curare-tipped dart.
The curare-tipped dart hits you.
You are more poisoned.
You have difficulty breathing.
You feel as though you will be slow longer.
You are too injured to fight recklessly!
You fade into invisibility!
You feel very sick.
The kobold brigand throws a curare-tipped dart.
The curare-tipped dart hits you.
You are lethally poisoned!
You have difficulty breathing.
* * * LOW HITPOINT WARNING * * *
You feel as though you will be slow longer.
You block the ball python's attack.
Jessica mumbles some strange words.
Jessica seems to speed up.
A worm comes into view.
Really quaff the potion of lignification?
You turn into a tree.
The +4 robe of Augmentation {Str+4 Int+4 Dex+4} melds into your body.
Your roots penetrate the ground.
* * * LOW HITPOINT WARNING * * *
You feel extremely sick.
The ball python bites you but does no damage.
It was a potion of flight.
Your roots keep you in place.
You die...

..##............
.....#.#####.##. .......
.##.....####.# ...>...
.####.#.#....# ##.l.....
...#..#..>#### #........
#..#....#.# #........
##........#### #........
##...###..)..###K.......
#.<..####.......♣S.....w
................@.......
.....#######............
..##.# ###....###### ..#
.# #....# ....). ##.....
###.... .<..#.# # #..#.
........ #. #######.


You could see a kobold brigand (unable to see you), a worm (wandering, unable to
see you), Jessica (fast, unable to see you), a ball python (unable to see you)
and a frilled lizard (wandering, unable to see you).

Vanquished Creatures
  3 adders
  2 dart slugs (D:1)
  3 bats (D:1)
  5 endoplasms
  10 goblins
  2 hobgoblins
  2 jackals (D:1)
  3 quokkas
  5 ball pythons
  5 frilled lizards
  4 kobolds
  7 rats
51 creatures vanquished.

Vanquished Creatures (others)
  2 fungi (D:1)
  3 plants (D:1)
5 creatures vanquished.

Grand Total: 56 creatures vanquished

Notes
Turn   | Place    | Note
-------+----------+-------------------------------------------
     0 | D:1      | croobank the Human Fighter began the quest for the Orb.
     0 | D:1      | Reached XP level 1. HP: 18/18 MP: 1/1
    81 | D:1      | Reached XP level 2. HP: 24/24 MP: 2/2
   451 | D:1      | Reached skill level 4 in Fighting
   451 | D:1      | Reached XP level 3. HP: 23/30 MP: 3/3
   717 | D:1      | Found a faded altar of an unknown god.
  1210 | D:2      | Reached XP level 4. HP: 38/38 MP: 4/4
  1460 | D:2      | Found Rarches's Magic Scroll Boutique.
  1468 | D:2      | Bought a scroll of identify for 24 gold pieces
  1653 | D:3      | Found the +4 robe of Augmentation {Str+4 Int+4 Dex+4}
  1659 | D:3      | Reached skill level 5 in Fighting
  1857 | D:3      | Noticed a kobold brigand
  1858 | D:3      | Noticed Jessica
  1862 | D:3      | Succumbed to a kobold brigand's curare-tipped dart

Illustrated notes

Levels and vault maps discovered:
D:1:      nzn_arrival_settlement, layout_basic, dreamdust_ecumenical_altar_grove
D:2:      layout_loops_ring, serial_shops, nicolae_square_shop
D:3:      lemuel_castle_with_subvaults [lemuel_castle_interior_carwin_2],
          layout_rooms, uniq_jessica

Skill      XL: |  1  2  3  4 |
---------------+-------------+-----
Fighting       | 4 5 |  5.1
Axes           | |  2.0
Armour         | |  3.0
Shields        | |  3.0

Action                   |  1- 3 |  4- 6 || total
-------------------------+-------+-------++-------
Melee: War axe           |    78 |    27 ||   105
  Use: Potion            |       |     3 ||     3
       Scroll            |       |     2 ||     2
Armor: Scale mail        |    36 |     7 ||    43
       Robe              |       |     8 ||     8
       Skin              |       |     1 ||     1
Dodge: Dodged            |    31 |    15 ||    46
Block: Buckler           |    12 |    11 ||    23
